 Dungeon Crawl Stone Soup version 0.30.0-17-ge0270778cf (webtiles) character file.

Game seed: 458299681941982192

82 croobank the Insei (level 4, 0/51 HPs)
             Began as a Gnoll Transmuter on May 22, 2023.
             Slain by a water moccasin (7 damage)
             ... in a sewer.
             The game lasted 00:08:23 (1758 turns).

croobank the Insei (Gnoll Transmuter)               Turns: 1758, Time: 00:08:23

Health: 0/51       AC: 22    Str:  9    XL:     4   Next: 43%
Magic:  11/11      EV:  2    Int: 14    God:
Gold:   91         SH:  0    Dex: 13    Spells: 6/13 levels left

rFire   . . .        o - +0 short sword
rCold   . . .        (no shield)
rNeg    . . .        a - melded +0 robe
rPois   +            (helmet currently unavailable)
rElec   .            (cloak currently unavailable)
rCorr   .            m - melded +0 pair of gloves
SInv    .            (boots currently unavailable)
Will    .....        (no amulet)
Stlth   ++           c - ring of flight
HPRegen 0.28/turn    (no ring)
MPRegen 0.12/turn

%: no passive effects
@: tree-form, wereblooded (expiring)
A: stationary, stasis, torment immunity, boosted hp, (fangs 1), strong nose,
distributed training
a: no special abilities


You were in a sewer.
You were a tree.
You visited 1 branch of the dungeon, and saw 3 of its levels.
You also visited: Sewer.

You collected 91 gold pieces.

Inventory:

Hand Weapons
 e - a +0 dagger
 o - a +0 short sword (weapon)
Missiles
 p - 4 poisoned darts
Armour
 a - a +0 robe (melded)
 m - a +0 pair of gloves (melded)
Jewellery
 c - a ring of flight (left branch)
Scrolls
 i - a scroll of amnesia {unknown}
 j - a scroll of fog {unknown}
 k - a scroll of identify
Potions
 f - a potion of mutation
 g - a potion of magic
 h - 3 potions of brilliance {unknown}
 l - a potion of heal wounds {unknown}
 n - a potion of resistance {unknown}


   Skills:
 + Level 2.8 Fighting
 + Level 1.2 Short Blades
 + Level 1.2 Long Blades
 + Level 1.2 Axes
 + Level 1.2 Maces & Flails
 + Level 1.2 Polearms
 + Level 1.2 Staves
 + Level 1.2 Ranged Weapons
 + Level 1.2 Throwing
 + Level 1.2 Armour
 + Level 4.6 Dodging
 + Level 1.2 Stealth
 + Level 1.2 Shields
 + Level 6.6 Unarmed Combat
 + Level 5.1 Spellcasting
 + Level 1.0 Conjurations
 + Level 1.0 Hexes
 + Level 1.0 Summonings
 + Level 1.0 Necromancy
 + Level 1.0 Translocations
 + Level 3.8 Transmutations
 + Level 1.0 Fire Magic
 + Level 1.0 Ice Magic
 + Level 1.0 Air Magic
 + Level 1.0 Earth Magic
 + Level 1.0 Poison Magic
 + Level 1.3 Invocations
 + Level 1.2 Evocations


You had 6 spell levels left.
You knew the following spells:

 Your Spells              Type           Power      Damage    Failure   Level
a - Beastly Appendage     Tmut           28%        N/A       3%          1
b - Wereblood             Tmut           14%        N/A       5%          2
c - Ice Form              Ice/Tmut       10%        N/A       54%         4

Your spell library contained the following spells:

 Spells                   Type           Power      Damage    Failure   Level
 Freeze                   Ice            24%        1d4       12%         1
 Magic Dart               Conj           24%        1d4       12%         1
 Call Imp                 Summ           12%        N/A       17%         2
 Cigotuvi's Dreadful Rot  Necr/Pois/Air  12%        N/A       17%         2
 Spider Form              Tmut/Pois      10%        N/A       19%         3
 Ignite Poison            Fire/Tmut/Pois 9%         N/A       24%         3
 Frozen Ramparts          Ice            12%        1d2       34%         3
 Hailstorm                Conj/Ice       6%         3d4       34%         3
 Mephitic Cloud           Conj/Pois/Air  6%         N/A       34%         3
 Freezing Cloud           Conj/Ice/Air   3%         6-21      97%         5


Dungeon Overview and Level Annotations

Branches:
Dungeon (3/15)              Sewer (1/1)

Altars:

Annotations:
D:3 Terence


Innate Abilities, Weirdness & Mutations

You are a tree.
Your roots penetrate the ground, keeping you stationary.
You cannot be teleported.
You are immune to unholy pain and torment.
Your maximum health is greatly increased.
Your equipment is partially melded.
((You have very sharp teeth.))
Your uncanny sense of smell can sniff out nearby items.
Your experience applies equally to all skills.


Message History

The water moccasin bites you but does no damage.
The water moccasin bites you!
* * * LOW HITPOINT WARNING * * *
Okay, then.
Casting: Beastly Appendage (safe; 3% risk of failure)
Confirm with . or Enter, or press ? or * to list all spells.
Okay, then.
You aren't carrying any items that you can evoke.
Your horns disappear.
Your talons disappear.
You turn into a tree.
Your +0 pair of gloves melds into your body.
Your +0 robe melds into your body.
Your roots penetrate the ground.
The water moccasin bites you but does no damage.
Okay, then.
As you read the scroll labelled OBLAOSCHYTWU, it crumbles to dust.
It is a scroll of identify.
f - a potion of mutation The water moccasin bites you.
* * * LOW HITPOINT WARNING * * *
The water moccasin bites you but does no damage.
You barely miss the water moccasin.
The water moccasin is severely wounded.
Your primal bloodlust is almost over.
The water moccasin bites you.
* * * LOW HITPOINT WARNING * * *
It was a potion of magic.
Magic courses through your body.
The water moccasin bites you but does no damage.
You hit the water moccasin.
The water moccasin is almost dead.
The water moccasin bites you but does no damage.
You completely miss the water moccasin.
The water moccasin is almost dead.
The water moccasin bites you but does no damage. x2
You hit the water moccasin but do no damage.
The water moccasin is almost dead.
The water moccasin bites you but does no damage.
You closely miss the water moccasin.
The water moccasin is almost dead.
The water moccasin bites you!
You die...

##...## ##.## #.#
#.# #.# ### #.#
.... #.# .....
######†####.....$
∩.........♣S.....$
############.....$
..... .... ###


You could see a water moccasin.

Vanquished Creatures
  3 adders (D:2)
  A worm (D:3)
  2 dart slugs (D:1)
  11 bats
  6 endoplasms
  4 giant cockroaches
  6 ball pythons
  5 frilled lizards
  6 goblins
  2 kobolds
  2 rats (D:1)
48 creatures vanquished.

Notes
Turn   | Place    | Note
-------+----------+-------------------------------------------
     0 | D:1      | croobank the Gnoll Transmuter began the quest for the Orb.
     0 | D:1      | Reached XP level 1. HP: 17/17 MP: 6/6
    59 | D:1      | Reached XP level 2. HP: 23/23 MP: 7/7
    80 | D:1      | Learned a level 2 spell: Wereblood
   466 | D:1      | Reached skill level 5 in Spellcasting
   466 | D:1      | Reached XP level 3. HP: 28/28 MP: 7/9
   748 | D:2      | Reached skill level 1 in Invocations
   958 | D:2      | Reached skill level 1 in Short Blades
   958 | D:2      | Reached skill level 1 in Long Blades
   958 | D:2      | Reached skill level 1 in Axes
   958 | D:2      | Reached skill level 1 in Maces & Flails
   958 | D:2      | Reached skill level 1 in Polearms
   958 | D:2      | Reached skill level 1 in Staves
   958 | D:2      | Reached skill level 1 in Ranged Weapons
   958 | D:2      | Reached skill level 1 in Throwing
   958 | D:2      | Reached skill level 1 in Armour
   958 | D:2      | Reached skill level 1 in Stealth
   958 | D:2      | Reached skill level 1 in Shields
   958 | D:2      | Reached skill level 1 in Evocations
  1522 | D:2      | Reached XP level 4. HP: 34/34 MP: 9/11
  1527 | D:2      | Learned a level 4 spell: Ice Form
  1616 | D:3      | Noticed Terence
  1699 | D:3      | Found a glowing drain.
  1710 | Sewer    | Entered a sewer
  1718 | Sewer    | Reached skill level 1 in Conjurations
  1718 | Sewer    | Reached skill level 1 in Hexes
  1718 | Sewer    | Reached skill level 1 in Summonings
  1718 | Sewer    | Reached skill level 1 in Necromancy
  1718 | Sewer    | Reached skill level 1 in Translocations
  1718 | Sewer    | Reached skill level 1 in Fire Magic
  1718 | Sewer    | Reached skill level 1 in Ice Magic
  1718 | Sewer    | Reached skill level 1 in Air Magic
  1718 | Sewer    | Reached skill level 1 in Earth Magic
  1718 | Sewer    | Reached skill level 1 in Poison Magic
  1738 | Sewer    | Noticed a water moccasin
  1758 | Sewer    | Slain by a water moccasin

Illustrated notes

Levels and vault maps discovered:
D:1:      ncdulo_lavacross, layout_loops_ring
D:2:      layout_basic
D:3:      layout_basic, cheibrodos_sewer_entry_drain,
          minmay_misc_feat_secret_circle, uniq_terence
Sewer:    sewer_big_baddie

Skill      XL: |  1  2  3  4 |
---------------+-------------+-----
Spellcasting   | 5 |  5.1
Invocations    | 1 |  1.3
Short Blades   | 1 |  1.2
Long Blades    | 1 |  1.2
Axes           | 1 |  1.2
Maces & Flails | 1 |  1.2
Polearms       | 1 |  1.2
Staves         | 1 |  1.2
Ranged Weapons | 1 |  1.2
Throwing       | 1 |  1.2
Armour         | 1 |  1.2
Stealth        | 1 |  1.2
Shields        | 1 |  1.2
Evocations     | 1 |  1.2
Conjurations   | 1 |  1.0
Hexes          | 1 |  1.0
Summonings     | 1 |  1.0
Necromancy     | 1 |  1.0
Translocations | 1 |  1.0
Fire Magic     | 1 |  1.0
Ice Magic      | 1 |  1.0
Air Magic      | 1 |  1.0
Earth Magic    | 1 |  1.0
Poison Magic   | 1 |  1.0
Fighting       | |  2.8
Dodging        | |  4.6
Unarmed Combat | |  6.6
Transmutations | |  3.8

Action                     |  1- 3 |  4- 6 || total
---------------------------+-------+-------++-------
  Melee: Unarmed           |     6 |       ||     6
         Kick              |    26 |     6 ||    32
         Headbutt          |    13 |     4 ||    17
         Dagger            |    59 |       ||    59
         Bite              |     6 |     3 ||     9
         Punch             |     3 |     2 ||     5
         Short sword       |     5 |    37 ||    42
   Cast: Beastly Appendage |    17 |     5 ||    22
         Wereblood         |    14 |     5 ||    19
    Use: Potion            |       |     3 ||     3
         Scroll            |       |     1 ||     1
 Armour: Robe              |    15 |    12 ||    27
         Skin              |       |     7 ||     7
  Dodge: Dodged            |    48 |    41 ||    89
